 Dungeon Crawl Stone Soup version 0.28.0 (webtiles) character file.

Game seed: 3116015685766130583

15 RighteousDevil the Chopper (level 2, -4/26 HPs)
             Began as a Hill Orc Monk on Feb 10, 2022.
             Killed from afar by Natasha (9 damage)
             ... with a magic dart
             ... on level 2 of the Dungeon.
             The game lasted 00:00:54 (974 turns).

RighteousDevil the Chopper (Hill Orc Monk)           Turns: 974, Time: 00:00:55

Health: -4/26      AC:  3    Str: 13    XL:     2   Next: 50%
Magic:  2/2        EV: 12    Int: 10    God:
Gold:   66         SH:  0    Dex: 13    Spells: 1/1 levels left

rFire   . . .      SeeInvis .   a - +0 hand axe
rCold   . . .      Faith    .   (no shield)
rNeg    . . .      Spirit   .   e - +0 leather armour
rPois   .          Reflect  .   (no helmet)
rElec   .          Harm     .   (no cloak)
rCorr   .          Rampage  .   (no gloves)
Will    .....                   (no boots)
Stlth   ++........              (no amulet)
HPRegen 0.08/turn               (no ring)
MPRegen 0.08/turn               (no ring)

@: slowed, very slow
A: no striking features
a: no special abilities


You were on level 2 of the Dungeon.
You visited 1 branch of the dungeon, and saw 2 of its levels.

You collected 66 gold pieces.

Inventory:

Hand Weapons
 a - a +0 hand axe (weapon)
Armour
 b - a +0 robe
 e - a +0 leather armour (worn)
Jewellery
 c - a +6 ring of intelligence
Potions
 d - 2 potions of lignification {unknown}


   Skills:
 - Level 3.6 Fighting
 + Level 5.1 Axes
 - Level 2.4 Dodging
 - Level 1.5 Stealth


You had one spell level left.
You didn't know any spells.
Your spell library was empty.

Dungeon Overview and Level Annotations

Branches:
Dungeon (2/15)

Altars:

Annotations:
D:2 Natasha


Message History

You kill the rat!
No target in view!
No target in view!
No target in view!
No target in view!
No target in view!
Natasha, Servant of Life and Death comes into view.
The helpless Natasha fails to defend herself.
You hit Natasha.
Natasha is lightly wounded.
Natasha drinks a potion.
Natasha flickers and vanishes!
Deactivating autopickup; reactivate with Ctrl-A.
No target in view!
No target in view!
There is a strange disturbance nearby!
You hit something. Something claws you.
You miss something. Something claws you.
You barely miss something.
You hear some strange, mumbled words.
You feel yourself slow down.
You miss something.
You hear some strange, mumbled words.
You feel as though you will be slow longer.
Something claws you but does no damage.
You closely miss something. Something claws you.
You hit something.
You hear some strange, mumbled words.
Something claws you but does no damage.
You closely miss something.
You hear some strange, mumbled words.
A magic dart appears from out of thin air!
The magic dart hits you!
* * * LOW HITPOINT WARNING * * *
The shadow imp picks up a beetle and eats it.
You miss something. Something claws you.
* * * LOW HITPOINT WARNING * * *
You hear some strange, mumbled words.
A magic dart appears from out of thin air!
The magic dart hits you!
You die...

# #<....#
#.#.##.#..#
#.>.......#
##.###....#
#.#......#
#.#.#..#.#
#.#....#.#
#.###.####.# #
#..5{@.....#
#####........#
##########


You could see a shadow imp (summoned).

Vanquished Creatures
  An endoplasm (D:1)
  A giant cockroach (D:1)
  3 kobolds (D:1)
  A quokka (D:1)
  3 ball pythons (D:1)
  A frilled lizard (D:1)
  2 goblins (D:1)
  2 rats
14 creatures vanquished.

Vanquished Creatures (others)
  4 fungi (D:1)
  A plant (D:1)
5 creatures vanquished.

Grand Total: 19 creatures vanquished

Notes
Turn   | Place    | Note
-------+----------+-------------------------------------------
     0 | D:1      | RighteousDevil the Hill Orc Monk began the quest for the
                  | Orb.
     0 | D:1      | Reached XP level 1. HP: 19/19 MP: 1/1
   291 | D:1      | Reached XP level 2. HP: 25/26 MP: 2/2
   447 | D:1      | Found a faded altar of an unknown god.
   680 | D:1      | Reached skill level 5 in Axes
   960 | D:2      | Noticed Natasha
   974 | D:2      | Killed from afar by Natasha

Illustrated notes

Levels and vault maps discovered:
D:1:      minmay_arrival_plants_in_alcoves, layout_basic,
          shapermc_ecumenical_altar_ellora
D:2:      minmay_chambers_of_twos, layout_basic, uniq_natasha

Skill      XL: |  1  2 |
---------------+-------+-----
Axes           | 5 |  5.1
Fighting       | |  3.6
Dodging        | |  2.4
Stealth        | |  1.5

Action                   || total
-------------------------++-------
Melee: Hand axe          ||    41
       Punch             ||     1
 Stab: Sleeping          ||     3
Armor: Robe              ||     3
       Leather armour    ||     5
Dodge: Dodged            ||    14
